[Event "*** Titled Tuesday Blitz"]
[Site "Chess.com"]
[Date "2020.12.01"]
[Round "7"]
[White "Aleksandar-Topalov"]
[Black "bazar-wokzal"]
[Result "0-1"]
[WhiteElo "2416"]
[BlackElo "2533"]
[TimeControl "180+1"]
[EndTime "11:17:15 PST"]
[Termination "bazar-wokzal won by resignation"]

1. b3 e5 2. Bb2 Nc6 3. c4 Nf6 4. e3 d5 5. cxd5 Nxd5 6. a3 Be7 7.
Qc2 O-O 8. Nf3 f6 9. Be2 Be6 10. O-O Qd7 11. b4 a6 12. Rd1 Rad8 13. d4 exd4 14.
Nxd4 Nxd4 15. Bxd4 Qe8 16. Bd3 Qh5 17. Nd2 c6 18.
Ne4 Kh8 19. Ng3 Qh4 20. Nf5 Qh5 21. Rac1 Rf7 22. Ng3 Qh4 23. Nf5 Qh5 24. Rd2 Bf8 25. Ng3 Qh4 26. Rcd1 Re8 27. Bf5 g6 28. Bxe6 Rxe6 29.
Bc5 Bxc5 30. Qxc5 Kg7 31. e4 b6 32. Qc4 Nc7 33. Rd7 Ree7 34. Qxc6 Qg4 35. R7d2 Re6 36. Qc3 h5 37. h3 Qf4 38. Rd3 h4 39. Rf3 Qe5 40. Qxe5 Rxe5 41. Ne2 Rxe4 42. Nf4 g5 43. Nd3 Rd4 44. Nb2 Rfd7 45. Rfd3 Nb5 46. a4 Rxd3 47. Rxd3 Rxd3 48. Nxd3 Nc3 49. a5 bxa5 50.
bxa5 Nd5 51. Nc5 Nb4 52. Kf1 Kg6 53. Ke1 Kf5 54. Kd2 g4 55. hxg4+ Kxg4 56. Kc3 Nc6 57. Nxa6 Nxa5 58. Kd4 f5 59. Kc5 Nb3+ 60. Kd5 f4 61. f3+ Kg3 62. Ke4 Kxg2 63. Kxf4 h3 64. Nb4 h2 65. Nd3 h1=Q 0-1

[Event "*** Titled Tuesday Blitz"]
[Site "Chess.com"]
[Date "2020.12.01"]
[Round "7"]
[White "DenLaz"]
[Black "nocnypako"]
[Result "1-0"]
[WhiteElo "2804"]
[BlackElo "2590"]
[TimeControl "180+1"]
[EndTime "11:17:18 PST"]
[Termination "DenLaz won on time"]

1. d4 Nf6 2. c4 g6 3. Nc3 d5 4.
Bf4 Bg7 5. e3 c5 6. dxc5 Qa5 7.
Rc1 dxc4 8. Bxc4 O-O 9. Nf3 Qxc5 10. Bb3 Nc6 11. O-O Qa5 12. Qe2 Bg4 13. h3 Bxf3 14. Qxf3 e5 15. Bh2 Rfe8 16. Ne4 Qd8 17. Rfd1 Qe7 18.
Nxf6+ Qxf6 19. Qe4 Rad8 20. Bd5 Rd6 21. Bxc6 Rxc6 22.
Rxc6 Qxc6 23. Qxc6 bxc6 24. Rd7 a5 25. Ra7 Rd8 26.
Bg3 Rd1+ 27. Kh2 Rd5 28. Bh4 f6 29. e4 Rb5 30. b3 g5 31. Bg3 Bf8 32. f3 Bc5 33.
Ra6 Bb6 34. h4 h6 35. Kh3 Kf7 36. Kg4 gxh4 37. Bxh4 Kg6 38. Ra8 h5+ 39. Kh3 Bc5 40. Rg8+ Kf7 41. Rh8 Kg6 42. Rc8 Rb6 43. Be1 Bb4 44. Bf2 Ra6 45. Rc7 a4 46. Bh4 axb3 47. axb3 c5 48. Kh2 Re6 49. Bf2 f5 50. exf5+ Kxf5 51. Bxc5 Bxc5 52. Rxc5 Rb6 53. Rc3 Rb4 54. Kh3 Kg5 55. g3 Kf5 56. Kg2 h4 57. gxh4 Rxh4 58. Rc4 Rh8 59. b4 Rd8 60. Rc2 1-0

[Event "*** Titled Tuesday Blitz"]
[Site "Chess.com"]
[Date "2020.12.01"]
[Round "7"]
[White "pastouche06"]
[Black "Stosk"]
[Result "1/2-1/2"]
[WhiteElo "2498"]
[BlackElo "2397"]
[TimeControl "180+1"]
[EndTime "11:17:20 PST"]
[Termination "Game drawn by repetition"]

1. d4 d5 2. c4 e6 3. Nc3 Nf6 4. cxd5 exd5 5. Bg5 Be7 6. e3 O-O 7. Bd3 c6 8. Qc2 Nbd7 9. Nge2 Re8 10. O-O Nf8 11. f3 h6 12. Bh4 Ne6 13. Rad1 Bd7 14. Bf2 c5 15. dxc5 Bxc5 16. Bf5 Rc8 17. Qb3 Bc6 18.
Nd4 Bxd4 19. Bxe6 Bxe3 20. Bxc8 Bxf2+ 21. Rxf2 Qxc8 22. Ne2 Qd7 23. Nd4 Ba4 24. Qd3 Bxd1 25. Qxd1 Qd6 26. Rc2 Qb4 27. Kf2 Qb6 28. b3 Nd7 29. g3 Nc5 30. Kg2 Ne6 31. Nf5 d4 32. Qd3 Qa5 33. Re2 Rd8 34. Nxh6+ gxh6 35. Rxe6 Qc3 36. Qf5 Qd2+ 37. Kh3 Qg5 38. Qxg5+ hxg5 39. Re2 d3 40. Rd2 f5 41. f4 g4+ 42. Kg2 Kf7 43. Kf2 Ke6 44. Ke3 b5 45. Rxd3 Rh8 46. Rd2 a5 47. Kd4 Rd8+ 48. Kc3 Rc8+ 49. Kd3 Rd8+ 50.
Kc2 Rc8+ 51. Kb2 b4 52. Re2+ Kf6 53. Re5 Rh8 54. Re2 Rd8 55. a3 Rc8 56. axb4 axb4 57. Rc2 Rh8 58. Kc1 Ke6 59. Kd2 Rxh2+ 60. Kd3 Rxc2 61. Kxc2 Kd5 62. Kd3 Kc5 63. Ke3 Kd5 64. Kd3 Kc5 65. Ke3 Kd5 66. Kd3 1/2-1/2

[Event "*** Titled Tuesday Blitz"]
[Site "Chess.com"]
[Date "2020.12.01"]
[Round "7"]
[White "Kretov_Evgenij"]
[Black "fyall777"]
[Result "1/2-1/2"]
[WhiteElo "2484"]
[BlackElo "2302"]
[TimeControl "180+1"]
[EndTime "11:17:24 PST"]
[Termination "Game drawn - insufficient material"]

1. d4 Nf6 2. c4 d6 3. Nc3 e5 4. Nf3 Nbd7 5. e4 Be7 6. Be2 O-O 7.
O-O exd4 8. Nxd4 Nc5 9. f3 a5 10. Be3 c6 11. Nc2 Nfd7 12. Qd2 Re8 13. Rfd1 Qc7 14.
Kh1 Ne5 15. Bf4 Bf8 16. Rac1 Qe7 17. Ne3 Qh4 18. Bg3 Qh6 19. f4 Ng6 20. Nf5 Bxf5 21. exf5 Nh4 22. Bg4 Qf6 23. Qd4 Qxd4 24. Rxd4 Be7 25. Ne4 Nxe4 26. Rxe4 Bf6 27. Rce1 Rxe4 28.
Rxe4 h5 29. Bh3 Kf8 30. Kg1 Rd8 31. Be1 d5 32. Re2 dxc4 33. Bxa5 Rd5 34. Bb4+ c5 35. Ba3 Nxf5 36. g3 b5 37. b4 cxb3 38. axb3 b4 39.
Bb2 Bxb2 40. Rxb2 Rd1+ 41. Kf2 Nd4 42. Bf1 Ke7 43. Bc4 f6 44. Ra2 g5 45. fxg5 fxg5 46. h4 g4 47. Ra7+ Kd6 48. Rh7 Rd2+ 49. Ke3 Rb2 50.
Rxh5 Nxb3 51. Rh6+ Kc7 52. h5 Nd4 53. Rf6 Rh2 54. h6 b3 55. Bd3 b2 56. h7 c4 57.
Bg6 Nf3 58. Rf8 Ne5 59. Be4 Nd3 60. Rf1 Nc1 61. Kd4 Ne2+ 62. Kxc4 Nxg3 63. Rf7+ Kd6 64. Bg6 Ne2 65. Rf8 g3 66. h8=Q Rxh8 67. Rxh8 g2 68. Rd8+ Ke5 69. Re8+ Kf4 70. Rxe2 g1=Q 71. Bc2 Qf1 72.
Kd3 Qxe2+ 73. Kxe2 b1=Q 74. Bxb1 1/2-1/2

[Event "*** Titled Tuesday Blitz"]
[Site "Chess.com"]
[Date "2020.12.01"]
[Round "7"]
[White "MasterKroket"]
[Black "Michaelson_11"]
[Result "1-0"]
[WhiteElo "2400"]
[BlackElo "2171"]
[TimeControl "180+1"]
[EndTime "11:17:25 PST"]
[Termination "MasterKroket won by resignation"]

1. d4 Nf6 2. c4 g6 3. Nc3 Bg7 4. e4 d6 5. Nf3 O-O 6. Be2 e5 7.
d5 a5 8. O-O Na6 9. Bg5 h6 10.
Bh4 g5 11. Bg3 Nh5 12. Ne1 Nf4 13. Bg4 f5 14. Bxf5 Bxf5 15. exf5 Rxf5 16. Nc2 Nc5 17. Ne3 Rf8 18. Qc2 Qf6 19. Rad1 Nh5 20. Ne4 Nxe4 21. Qxe4 Nf4 22. c5 dxc5 23. Nc4 b5 24. Na3 b4 25.
Nc4 Rfd8 26. Rfe1 a4 27. d6 cxd6 28. Rxd6 Rxd6 29. Qxa8+ Qd8 30. Qxa4 Rd4 31. Ne3 Kh8 32. h4 gxh4 33. Bxf4 Rxf4 34. Rd1 Qf8 35. Qa5 Kh7 36. Rd2 e4 37. Qc7 Rf7 38. Qc6 Bd4 39. Qxe4+ Kh8 40. Qxh4 Rf4 41. Qg3 Qf7 42. b3 Kh7 43. Nc2 Bc3 44. Re2 Rf6 45. Qd3+ Rg6 46. Ne3 Qg7 47. g3 Bd4 48. Kg2 Qb7+ 49. Kh2 Bxe3 50. Qxe3 Qf7 51. Qe7 Qxe7 52. Rxe7+ Kg8 53. Rc7 Rg5 54. f4 Rd5 55. Kh3 Rd2 56. Rxc5 Rxa2 57. Rb5 Ra3 58. Rxb4 Kg7 59.
Rb6 Ra1 60. b4 Rb1 61. b5 Rb3 62. Kg4 Rc3 63. Kh4 Rb3 64. g4 Rb4 65. f5 Kh7 66.
Rb7+ Kg8 67. Kh5 Rc4 68. f6 Rc5+ 69. Kxh6 Kf8 70. Kg6 Rc1 71. Rb8+ 1-0

[Event "*** Titled Tuesday Blitz"]
[Site "Chess.com"]
[Date "2020.12.01"]
[Round "7"]
[White "reniite"]
[Black "dosto07"]
[Result "1-0"]
[WhiteElo "2010"]
[BlackElo "2297"]
[TimeControl "180+1"]
[EndTime "11:17:25 PST"]
[Termination "reniite won on time"]

1. e4 e5 2. Nf3 Nc6 3. Nc3 Nf6 4. Bb5 Bb4 5. O-O O-O 6. d3 Bxc3 7. bxc3 d6 8. Bg5 h6 9. Bh4 Qe7 10. Re1 Nd8 11.
d4 Bg4 12. h3 Bh5 13. g4 Bg6 14. d5 c6 15. dxc6 bxc6 16. Bd3 Ne6 17. Bg3 h5 18. Nh2 Nf4 19. Bxf4 exf4 20. Qf3 Qe5 21. gxh5 Bxh5 22. Ng4 Bxg4 23. hxg4 Qg5 24. Be2 Rfe8 25. Bd1 d5 26. e5 Rxe5 27. Rxe5 Qxe5 28. Kg2 Qe4 29. Rb1 Nd7 30. Rb4 Qxf3+ 31. Bxf3 g5 32. c4 Nb6 33. cxd5 cxd5 34. Rd4 Rc8 35. Bxd5 Rxc2 36.
Bb3 Rc5 37. Rd8+ Kg7 38. Rb8 Rc7 39. Rd8 Rd7 40. Re8 Kf6 41. Re4 Nd5 42. Rc4 Nb6 43.
Rc6+ Ke7 44. Rc5 Kf6 45. Rc6+ Kg7 46. Rc5 Kf6 47. Rf5+ Kg6 48. Rc5 Re7 49. Rc6+ Kg7 50. Rc5 Kf6 51. Rc6+ Ke5 52. Rc5+ Kd4 53. Rxg5 Kc3 54.
Rf5 Kb4 55. Rxf4+ Ka3 56. Bxf7 a5 57. g5 Nd7 58. g6 Re5 59. Kg3 Rg5+ 60. Kh4 Rg1 61.
Rg4 Rh1+ 62. Kg5 Ne5 63. g7 Nxf7+ 64. Kg6 Nh6 65. Rg3+ 1-0

[Event "*** Titled Tuesday Blitz"]
[Site "Chess.com"]
[Date "2020.12.01"]
[Round "7"]
[White "DanilNajdin"]
[Black "DonPreuss"]
[Result "1-0"]
[WhiteElo "2374"]
[BlackElo "2224"]
[TimeControl "180+1"]
[EndTime "11:17:27 PST"]
[Termination "DanilNajdin won by checkmate"]

1. d4 Nc6 2. d5 Ne5 3. f4 Ng6 4.
e4 e5 5. dxe6 fxe6 6. Be3 Bb4+ 7. c3 Ba5 8. Nf3 Bb6 9. Bxb6 axb6 10. f5 exf5 11. exf5 Qe7+ 12. Qe2 Nf4 13. Qxe7+ Nxe7 14. g3 Nfd5 15. Bd3 O-O 16. g4 Ne3 17. h3 Ng2+ 18. Kf2 Nf4 19. Bc2 Nfd5 20. Nbd2 d6 21. Rhe1 Nc6 22. Bb3 Ra5 23. Nc4 Rc5 24. Ne3 Ne7 25. Nxd5 Nxd5 26. Rad1 c6 27. Bxd5+ cxd5 28. Re7 Rf7 29.
Rde1 Rxe7 30. Rxe7 Kf8 31. Re2 Bd7 32. Ng5 h6 33. Ne6+ Bxe6 34. Rxe6 Rb5 35. Re2 Kf7 36. Ke3 Ra5 37. a3 h5 38. Kd4 hxg4 39. hxg4 Ra4+ 40. Kxd5 Rxg4 41. Kxd6 Rc4 42. Re7+ Kf6 43. Rxb7 Rc5 44.
Rxb6 Rxf5 45. b4 g5 46. c4 g4 47. Rb8 Rg5 48. Rf8+ Kg6 49. Rf1 g3 50. c5 Kh5 51.
c6 Rg6+ 52. Kd7 Rg7+ 53. Kc8 Rg8+ 54. Kb7 Kh4 55. c7 Rg7 56. b5 g2 57. Rg1 Kh3 58. b6 Kh2 59. Rxg2+ Kxg2 60. Kb8 Rg3 61. c8=Q Kf3 62. Qc6+ Kf2 63. b7 Rg8+ 64. Ka7 Rg3 65. Qc5+ Kg2 66. b8=Q Kh3 67. Qbc8+ Kg2 68. Q8c6+ Kh3 69. Qh6+ Kg4 70. Qd2 Re3 71. Qdxe3 Kh4 72. Qcg5# 1-0

[Event "*** Titled Tuesday Blitz"]
[Site "Chess.com"]
[Date "2020.12.01"]
[Round "7"]
[White "Mikasinski"]
[Black "banane_verte"]
[Result "0-1"]
[WhiteElo "2301"]
[BlackElo "2495"]
[TimeControl "180+1"]
[EndTime "11:17:28 PST"]
[Termination "banane_verte won by resignation"]

1. e4 e6 2. d4 d5 3. Nc3 dxe4 4. Nxe4 Nd7 5. Nf3 Ngf6 6. Nxf6+ Nxf6 7. c3 Bd6 8. Bd3 O-O 9. Qe2 b6 10. Bg5 Bb7 11.
O-O-O Be7 12. Kb1 a5 13. h4 a4 14. a3 Qd5 15. Ne5 c5 16. dxc5 Qxc5 17. Bxf6 Bxf6 18. Nd7 Qe7 19. Nxf8 Rxf8 20. Be4 Rc8 21. f3 h6 22. h5 b5 23. Qxb5 Bxe4+ 24. fxe4 Qa7 25. Qd7 Rc7 26. Qd2 Qb6 27. Ka1 Qb3 28. Rb1 Rb7 29. Rhc1 Qc4 30. Qc2 Rb3 31. Rd1 Bxc3 32. Rd8+ Kh7 33. e5+ g6 34. hxg6+ Kg7 35. bxc3 Rxa3+ 36.
Kb2 Ra2+ 37. Kc1 Rxc2+ 38. Kxc2 Qe2+ 39. Rd2 Qe4+ 40. Rd3 Kxg6 41. Rb4 Qe2+ 42. Rd2 Qxe5 43. Rxa4 Qf5+ 44. Kc1 Qf1+ 45. Kb2 Qb5+ 46. Rb4 Qg5 47.
Kc2 Qf5+ 48. Kc1 Qf1+ 49. Kb2 f5 50. Rbd4 e5 51. Rd6+ Kg5 52. R6d5 e4 53. Re5 Qg1 54. Rdd5 Qxg2+ 55. Kb3 Qf3 56. Kb4 e3 57. c4 e2 58.
c5 Qf2 59. c6 e1=Q+ 60. Rxe1 Qxe1+ 61. Kc5 Qc1+ 62. Kd6 h5 63. Rc5 Qd2+ 64. Kc7 h4 65. Kb7 Qb4+ 66. Kc7 Qxc5 67. Kb7 Qxc6+ 68. Kxc6 0-1

[Event "*** Titled Tuesday Blitz"]
[Site "Chess.com"]
[Date "2020.12.01"]
[Round "7"]
[White "Ajedrez_con_German"]
[Black "garfio2017"]
[Result "1-0"]
[WhiteElo "2463"]
[BlackElo "2290"]
[TimeControl "180+1"]
[EndTime "11:17:29 PST"]
[Termination "Ajedrez_con_German won by resignation"]

1. Nf3 c5 2. c4 Nc6 3. d4 cxd4 4.
Nxd4 Nf6 5. Nc3 g6 6. g3 Bg7 7. Bg2 O-O 8. O-O e5 9. Nc2 d6 10. Ne3 Be6 11. Ned5 Bxd5 12. Nxd5 Nxd5 13. Bxd5 Rb8 14. Bd2 Ne7 15. Bc3 Nxd5 16. Qxd5 Qb6 17. Rad1 Rbc8 18. Qxd6 Qxd6 19. Rxd6 Rxc4 20. Rd7 Rb8 21.
Rfd1 e4 22. Rd8+ Rxd8 23. Rxd8+ Bf8 24. Rd7 b5 25. Rxa7 b4 26. Bf6 Rc8 27. e3 h6 28.
h4 Rc6 29. Bd4 g5 30. hxg5 hxg5 31. g4 Rc8 32. Kg2 Re8 33. Ra5 Be7 34. Re5 Kf8 35.
Rxe4 Rc8 36. Re5 Rc2 37. Rb5 f6 38. Rb8+ Kf7 39. Rb7 Ke6 40. Rb6+ Kf7 41. Ra6 Bd8 42.
Ra7+ Ke6 43. Ra8 Be7 44. Ra6+ Kf7 45. a3 bxa3 46. bxa3 Ra2 47. a4 Ke8 48. Ra8+ Kf7 49. Ra7 Ke6 50. a5 Bb4 51. Ra6+ Kd5 52. Rxf6 Bxa5 53.
Rf5+ Ke6 54. Rxg5 Bd8 55. Rf5 Ke7 56. Bf6+ Ke8 57. Bxd8 Kxd8 58. Kg3 Ke7 59. f4 Ra1 60. Kf3 Rf1+ 61. Ke4 Ra1 62. Rd5 Ra4+ 63. Rd4 Ra1 64. g5 1-0

[Event "*** Titled Tuesday Blitz"]
[Site "Chess.com"]
[Date "2020.12.01"]
[Round "7"]
[White "zurzan"]
[Black "HanSchut"]
[Result "1/2-1/2"]
[WhiteElo "2075"]
[BlackElo "2184"]
[TimeControl "180+1"]
[EndTime "11:17:29 PST"]
[Termination "Game drawn - insufficient material"]

1. f4 d5 2. Nf3 g6 3. g3 Bg7 4. Bg2 Nh6 5. O-O O-O 6. d3 f6 7.
c3 Nf7 8. Qc2 e5 9. e4 Be6 10. Nh4 exf4 11. gxf4 c6 12. Be3 dxe4 13. dxe4 f5 14. e5 Qxh4 15. Bc5 Re8 16. Nd2 Nd7 17. Be3 Bf8 18. Nf3 Qh6 19. Qf2 b6 20. b4 a5 21. a3 axb4 22. cxb4 c5 23. b5 c4 24. a4 Nc5 25. a5 Nd3 26. Qc2 Rxa5 27. Nd4 Rxa1 28.
Rxa1 Ndxe5 29. Nxe6 Rxe6 30. Bd5 Re7 31. Bxb6 Qxf4 32.
Bc5 Nf3+ 33. Bxf3 Qxf3 34. Bxe7 Bxe7 35. Qxc4 Qg4+ 36. Qxg4 fxg4 37. Ra8+ Kg7 38. Rc8 Kf6 39.
b6 Nd6 40. Rc6 Ke5 41. Rc7 Bg5 42. Rxh7 Be3+ 43. Kg2 Bxb6 44. Rg7 Kf5 45. h3 gxh3+ 46. Kxh3 Ne4 47. Rb7 Bd4 48. Rb5+ Be5 49. Kg2 g5 50.
Rb7 g4 51. Rf7+ Nf6 52. Rg7 Kf4 53. Rg6 Kf5 54. Rg7 Nh5 55. Rf7+ Bf6 56. Rf8 Kg5 57. Rg8+ Kf4 58. Rf8 Kf5 59. Rg8 Nf4+ 60. Kg3 Nd5 61. Rxg4 Be5+ 62. Kf3 Nf6 63. Ra4 Nd5 64. Ra5 Nf6 65.
Ra6 Nd7 66. Ra7 Nf6 67. Rf7 Bd6 68. Ke3 Be5 69. Kd3 Bd6 70. Kc4 Be5 71. Kc5 Bf4 72. Kc6 Ke6 73. Rf8 Be5 74. Ra8 Kf5 75. Ra5 Ke6 76.
Rxe5+ Kxe5 1/2-1/2

[Event "*** Titled Tuesday Blitz"]
[Site "Chess.com"]
[Date "2020.12.01"]
[Round "7"]
[White "Durarbayli"]
[Black "scarabee43"]
[Result "1-0"]
[WhiteElo "2746"]
[BlackElo "2565"]
[TimeControl "180+1"]
[EndTime "11:17:37 PST"]
[Termination "Durarbayli won by checkmate"]

1. e4 c5 2. b3 Nc6 3. Bb2 e6 4.
Nf3 d6 5. d4 cxd4 6. Nxd4 Nge7 7.
Nc3 Nxd4 8. Qxd4 Nc6 9. Bb5 Bd7 10. Bxc6 bxc6 11. f4 c5 12. Qd3 Be7 13. O-O-O O-O 14. h4 a5 15. h5 a4 16. Qg3 f6 17. e5 fxe5 18. fxe5 d5 19. Nxd5 exd5 20. Rxd5 Bg5+ 21.
Kb1 axb3 22. axb3 h6 23. e6 Qa5 24. Rxg5 hxg5 25. Qxg5 Qa2+ 26. Kc1 Qa1+ 27. Bxa1 Rxa1+ 28. Kd2 Rxh1 29. exd7 Rf2+ 30. Ke3 Rf6 31. d8=Q+ Kh7 32.
Qdxf6 gxf6 33. Qg6+ Kh8 34. h6 Re1+ 35. Kf2 Re7 36. Qxf6+ Kh7 37. Qxe7+ Kxh6 38. Qe3+ Kg6 39. Qg3+ Kf6 40. Qf4+ Ke6 41. Qe3+ Kd5 42. Qd2+ Kc6 43. Qh6+ Kb5 44. c3 c4 45. b4 Ka4 46. Qf6 Kb5 47.
Ke3 Ka4 48. Kf3 Kb5 49. Ke4 Ka4 50. g3 Kb5 51. g4 Ka4 52. g5 Kb5 53. g6 Ka4 54. g7 Kb5 55. Kd4 Ka4 56. Kc5 Kb3 57.
b5 Kc2 58. b6 Kd3 59. b7 Kc2 60. Kxc4 Kd2 61. Kd5 Kc2 62. c4 Kd3 63. c5 Kc2 64. c6 Kd3 65. c7 Kc2 66. Qf3 Kd2 67. Kd4 Kc2 68. Qe3 Kd1 69. Qf2 Kc1 70. g8=N Kd1 71. c8=N Kc1 72. b8=N Kd1 73. Nc6 Kc1 74. Nd6 Kd1 75.
Nge7 Kc1 76. Nec8 Kd1 77. Nb6 Kc1 78. Kd3 Kb1 79. Nd7 Kc1 80. Ne7 Kb1 81. Ne5 Kc1 82.
Nd5 Kb1 83. Nf5 Kc1 84. Nd4 Kb1 85. Nc4 Kc1 86. Nb4 Kb1 87. Qf1# 1-0

[Event "*** Titled Tuesday Blitz"]
[Site "Chess.com"]
[Date "2020.12.01"]
[Round "7"]
[White "anon219"]
[Black "biostatistician"]
[Result "0-1"]
[WhiteElo "2745"]
[BlackElo "2587"]
[TimeControl "180+1"]
[EndTime "11:17:39 PST"]
[Termination "biostatistician won by checkmate"]

1. e4 e6 2. d4 d5 3. Nc3 Nc6 4.
Nf3 Nf6 5. e5 Ne4 6. Bd3 Bb4 7.
Bd2 Nxd2 8. Qxd2 Be7 9. O-O Nb4 10. Be2 c5 11. dxc5 Bxc5 12. Nb5 O-O 13. c3 Nc6 14. Bd3 Bd7 15. h4 Rc8 16. Qf4 f6 17. exf6 Qxf6 18. Qg3 e5 19. Be2 a6 20. Na3 e4 21.
Ng5 Bd6 22. f4 exf3 23. Qxf3 Qe5 24. Qxd5+ Qxd5 25. Bc4 Bc5+ 26. Kh1 Qxc4 27. Nxc4 b5 28. Nd2 Be3 29. Nde4 h6 30. Nf3 Bg4 31. Rae1 Bxf3 32.
gxf3 Bf4 33. Nc5 a5 34. Ne6 Rf6 35. Re4 Bb8 36. Rg1 g6 37. h5 g5 38. f4 Re8 39.
Rge1 gxf4 40. Rg1+ Kh8 41. Rg6 Rxg6 42. hxg6 Kg8 43.
Kg2 Nd8 44. Nc5 Rxe4 45. Nxe4 Kg7 46. c4 bxc4 47. Nd2 Kxg6 48. Nxc4 Nc6 49. a3 Kf5 50. b4 axb4 51. axb4 Nxb4 52. Kf3 Bc7 53. Nd2 Nd3 54. Kg2 Ne5 55. Kf2 h5 56. Kg2 Bb6 57. Nf1 Be3 58. Kh3 Kg5 59. Nh2 Bg1 60. Nf1 Ng4 61. Kg2 Be3 62. Kh3 h4 63. Kg2 Kh5 64. Kf3 Ne5+ 65. Kg2 Kg4 66. Nh2+ Kf5 67. Nf1 Ng6 68.
Kf3 h3 69. Nh2 Nh4+ 70. Ke2 Ke4 71. Nf1 f3+ 72. Ke1 Ng2+ 73. Kd1 Bf4 74. Kc2 h2 75. Nxh2 Bxh2 76. Kb3 f2 77. Kc4 f1=Q+ 78. Kc5 Qc1+ 79. Kb6 Kd5 80. Kb7 Qc7+ 81. Ka8 Qb8# 0-1

[Event "*** Titled Tuesday Blitz"]
[Site "Chess.com"]
[Date "2020.12.01"]
[Round "7"]
[White "redbaron8888"]
[Black "Gloomy_Wanderer"]
[Result "1/2-1/2"]
[WhiteElo "2563"]
[BlackElo "2703"]
[TimeControl "180+1"]
[EndTime "11:17:39 PST"]
[Termination "Game drawn - insufficient material"]

1. d4 Nf6 2. c4 e6 3. g3 d5 4.
Nf3 dxc4 5. Bg2 Bb4+ 6. Bd2 c5 7. O-O Nc6 8. dxc5 Bxc5 9. Qc2 Qe7 10. Qxc4 e5 11. Nc3 Be6 12. Qh4 O-O 13. Rac1 Bb6 14. Bg5 h6 15. Bxf6 Qxf6 16. Qxf6 gxf6 17. Ne4 f5 18. Nd6 e4 19. Nh4 Ne7 20. b3 Rfd8 21. Rfd1 Rd7 22. Nc4 Rad8 23. Rxd7 Rxd7 24. Nxb6 axb6 25.
Bh3 Rd2 26. Rc7 Kf8 27. Rxb7 Rxe2 28. Rxb6 Rxa2 29. Rb8+ Kg7 30. Bf1 Rb2 31. Ng2 Rxb3 32. Rxb3 Bxb3 33. Ne3 Kf6 34. Kg2 Ng6 35. f3 Ke5 36.
Kf2 Be6 37. Bb5 Ne7 38. Ba6 Kd4 39. Bb7 Ke5 40. Ke2 Kd4 41. Nc2+ Ke5 42. Ne3 exf3+ 43. Bxf3 Ng6 44. Ng2 f4 45. gxf4+ Nxf4+ 46. Nxf4 Kxf4 47. Kf2 f5 48. Bb7 Bc4 49. Bc8 Bd3 50. Bd7 Be4 51. Bc8 Kg4 52. Bd7 Kh3 53. Kg1 Kh4 54. Be6 Kg5 55.
Bc8 Kf6 56. Kf2 Ke5 57. Bd7 Bd5 58. Bc8 Be6 59. Bb7 Kf6 60. Bf3 Kg5 61. Kg3 f4+ 62. Kf2 Bg4 63. Bc6 Kh4 64. Be8 Kh3 65. Kg1 h5 66. Bc6 Bf5 67. Bg2+ Kg4 68. Kf2 Kg5 69. Bf3 Bg4 70. Bc6 Kf6 71. Be8 Ke5 72. Bg6 Kf6 73. Be8 Kg5 74. Kg2 Kh4 75. Kf2 Kh3 76. Kg1 f3 77.
Bc6 h4 78. Kf2 Kxh2 79. Bxf3 Bxf3 80. Kxf3 Kg1 81. Kg4 Kf2 82. Kh3 Kf3 83. Kxh4 1/2-1/2

[Event "*** Titled Tuesday Blitz"]
[Site "Chess.com"]
[Date "2020.12.01"]
[Round "7"]
[White "youngKID"]
[Black "PaulfromSPb"]
[Result "0-1"]
[WhiteElo "2845"]
[BlackElo "2700"]
[TimeControl "180+1"]
[EndTime "11:17:41 PST"]
[Termination "PaulfromSPb won by resignation"]

1. e4 c5 2. Nf3 d6 3. d4 cxd4 4. Nxd4 Nf6 5. Nc3 a6 6. Be2 g6 7. Be3 Bg7 8. Qd2 h5 9. O-O-O b5 10. f3 Bb7 11. Kb1 Nbd7 12. a3 Rc8 13. g3 Qc7 14. h3 Nb6 15. g4 Nfd7 16. Rhg1 hxg4 17.
hxg4 Ne5 18. Rh1 Rg8 19. Bh6 Nec4 20. Qc1 Bxh6 21. Rxh6 Nxa3+ 22. bxa3 Qxc3 23. Rd3 Qc5 24. Rh7 Nc4 25. Bf1 b4 26. axb4 Qxb4+ 27. Ka2 Qa5+ 28. Kb1 Rb8 29. Nb3 Qe5 30. Rd4 Na5 31. Rb4 Qc3 32.
Qd2 Qc7 33. Nd4 Nc6 34. Nxc6 Bxc6 35. Rb3 Ba4 36. Rxb8+ Qxb8+ 37. Kc1 Qb6 38. Qc3 Bc6 39. Bc4 e6 40. Bb3 Ke7 41. Kb2 Rf8 42. g5 Ba4 43. Qf6+ Ke8 44. Qc3 Bxb3 45. cxb3 Qc5 46. Qxc5 dxc5 47.
Kc3 Ke7 48. Rh2 Rd8 49. Ra2 Rd6 50. Kc4 Rb6 51. Ra3 Kd6 52. Ra4 Kc6 53. f4 Kd6 54. Ra5 Rb4+ 55. Kd3 Rxb3+ 56. Kc4 Rb4+ 57. Kd3 Rb6 58.
Kc4 Rc6 59. e5+ Kc7 60. Ra2 Kb7 61. Rb2+ Rb6 62. Rd2 Kc6 63. Rd6+ Kc7 64. Rd2 Rb4+ 65. Kxc5 Rxf4 66. Rh2 Rf5 67. Kd4 0-1

[Event "*** Titled Tuesday Blitz"]
[Site "Chess.com"]
[Date "2020.12.01"]
[Round "7"]
[White "shnitez"]
[Black "Supernotar"]
[Result "1-0"]
[WhiteElo "2590"]
[BlackElo "2773"]
[TimeControl "180+1"]
[EndTime "11:17:42 PST"]
[Termination "shnitez won by resignation"]

1. c4 c5 2. Nf3 Nc6 3. d4 cxd4 4. Nxd4 g6 5. g3 Bg7 6. Nc2 d6 7. Bg2 Nf6 8. O-O O-O 9. Nc3 Be6 10. Ne3 Rc8 11. Rb1 Qd7 12. b3 Bh3 13. Bb2 Bxg2 14. Kxg2 h5 15. Ncd5 Nxd5 16. Nxd5 Bxb2 17.
Rxb2 h4 18. Rd2 h3+ 19. Kg1 Qf5 20. Qb1 Qg5 21. Rfd1 Rfe8 22. Qe4 Kg7 23. Qf4 Qh5 24. Qe3 a6 25. Qb6 Rb8 26. c5 dxc5 27. Qxc5 Kg8 28. Qe3 Kf8 29. Nf4 Qf5 30. Rd5 e5 31. Qd3 Qg4 32.
f3 Qc8 33. Nxg6+ fxg6 34. Qxg6 Qe6 35. Qh5 Rbd8 36. Qh8+ Kf7 37. Qh7+ Kf8 38. Qh8+ Ke7 39. Qg7+ Qf7 40. Rd7+ Rxd7 41. Rxd7+ Kxd7 42. Qxf7+ Re7 43. Qf5+ Kd6 44. Qxh3 Nd4 45. Qh6+ Re6 46. Qd2 Ke7 47. Kg2 Rc6 48. Qg5+ Ke6 49. Qg6+ Kd5 50. Qe4+ Kd6 51. f4 Ne6 52. Qxe5+ Kd7 53. f5 Nc7 54. h4 Rd6 55.
h5 Rd5 56. Qg7+ Kc6 57. Qg6+ Kb5 58. h6 Re5 59. Qh5 Nd5 60. h7 Ne3+ 61. Kf3 Nxf5 62. h8=Q Nd4+ 63. Kg2 Rxh5 64. Qxh5+ Kb4 65. Qh4 Kc3 66.
Qe4 Nc2 67. Qd3+ Kb2 68. g4 Ne1+ 69. Kg3 Nxd3 70. exd3 Kxa2 71. g5 Kxb3 72. g6 a5 73. g7 a4 74. g8=Q+ Kb2 75. Qb8 a3 76. Qxb7+ Ka1 77. Qa6 a2 78. d4 Kb1 79. d5 a1=Q 80.
Qxa1+ Kxa1 81. d6 1-0

[Event "*** Titled Tuesday Blitz"]
[Site "Chess.com"]
[Date "2020.12.01"]
[Round "7"]
[White "Bodnar_Mykola"]
[Black "kagg1125"]
[Result "1-0"]
[WhiteElo "2400"]
[BlackElo "2544"]
[TimeControl "180+1"]
[EndTime "11:17:46 PST"]
[Termination "Bodnar_Mykola won on time"]

1. e4 e5 2. Nf3 Nc6 3. Bb5 a6 4. Ba4 Nf6 5. O-O b5 6. Bb3 Bc5 7. Re1 d6 8. h3 O-O 9. c3 Bb6 10. d4 h6 11. Be3 Rb8 12. Nbd2 Re8 13. Bc2 Bb7 14. a4 exd4 15. Nxd4 Nxd4 16. Bxd4 Bxd4 17. cxd4 c5 18. axb5 axb5 19. e5 dxe5 20. dxe5 Nd5 21. Ne4 Nb4 22. Qxd8 Rexd8 23. Bb1 Bxe4 24. Bxe4 Rd2 25. b3 Rbd8 26. Rac1 c4 27. bxc4 Na2 28. cxb5 Nxc1 29. Rxc1 Rd1+ 30. Rxd1 Rxd1+ 31. Kh2 Rd4 32. Bc6 Rb4 33. Kg3 g5 34. Kf3 Kf8 35. Ke3 Ke7 36.
g3 f6 37. exf6+ Kxf6 38. Kf3 Ke5 39. Kg2 Rb2 40. Be8 Rb3 41. Bc6 Kd4 42. h4 gxh4 43.
gxh4 Ke5 44. h5 Kf4 45. Be8 Kg4 46. Kf1 Rb2 47. Ke1 Kf4 48. Bc6 Ke5 49. Kf1 Rb3 50. Ke2 Kf4 51. Be8 Ke5 52. Bc6 Kd6 53. Kf1 Rh3 54.
Be8 Rb3 55. Kg2 Ke6 56. Bc6 Rb4 57. Kf3 Kf6 58. Kg3 Kg5 59. Be8 Rg4+ 60. Kf3 Rf4+ 61. Ke3 Rf8 62. Bg6 Kf6 63. Kd4 Rd8+ 64. Kc5 Ke5 65.
b6 Rc8+ 66. Kb5 Kd6 67. b7 Rb8 68. Kb6 Rd8 69. Bf5 Ke7 70. Bc8 Rd6+ 71. Kc5 Rb6 72.
Kxb6 1-0

[Event "*** Titled Tuesday Blitz"]
[Site "Chess.com"]
[Date "2020.12.01"]
[Round "7"]
[White "parintele_chess"]
[Black "BlixLT"]
[Result "1/2-1/2"]
[WhiteElo "2197"]
[BlackElo "2331"]
[TimeControl "180+1"]
[EndTime "11:18:03 PST"]
[Termination "Game drawn - insufficient material"]

1. c4 Nc6 2. Nf3 d5 3. cxd5 Qxd5 4. Nc3 Qh5 5. g3 Bh3 6. Qb3 O-O-O 7. Bxh3+ Qxh3 8.
Qxf7 Nf6 9. d3 e5 10. Nb5 Rd7 11. Qb3 a6 12. Nc3 Nd4 13. Nxd4 Qg2 14. Rf1 exd4 15. Nd1 Qxh2 16. Bf4 Bd6 17. Bxd6 Rxd6 18. Qf7 Qh6 19. f4 Nd5 20. Rc1 Kb8 21. Nf2 Rhd8 22.
Rh1 Qg6 23. Qxg6 Rxg6 24. Ne4 h6 25. Kf2 Ne3 26. Nd2 Re8 27. Nc4 Nxc4 28. Rxc4 Rd6 29. Rh5 c6 30. Re5 Rxe5 31. fxe5 Re6 32. Rxd4 Rxe5 33.
Rd7 Rg5 34. e4 Kc8 35. Rf7 Ra5 36. a3 Rb5 37. b4 a5 38. bxa5 Rxa5 39. Rxg7 Rxa3 40. Ke3 c5 41. Kd2 b6 42. Rg6 Kc7 43.
Rxh6 Ra2+ 44. Ke3 Ra3 45. Rh1 c4 46. Rc1 b5 47. Kd4 Kd6 48. dxc4 Rxg3 49. cxb5 Rb3 50. e5+ Kd7 51. Kc5 Re3 52. Rd1+ Kc8 53. Kd6 Rb3 54. Rd5 Kd8 55. e6 Ke8 56. Kc6 Ke7 57.
b6 Kxe6 58. Rd1 Rc3+ 59. Kb7 Ke7 60. Kb8 Ke6 61. b7 Rh3 62. Rd8 Rb3 63. Ka7 Ra3+ 64. Kb6 Rb3+ 65. Kc7 Rc3+ 66. Kb8 Rh3 67. Rd1 Rh2 68. Re1+ Kd6 69. Rd1+ Kc6 70. Kc8 Rh8+ 71. Rd8 Rxd8+ 72. Kxd8 Kxb7 1/2-1/2